 Seeded DCSS version 0.30.1-11-g7821555f0a (webtiles) character file.

Game seed: 5 (custom seed)

5663 Kazon the Blocker (level 10, -4/59 HPs)
             Began as a Gargoyle Fighter on Dec 14, 2023.
             Was an Elder of Makhleb.
             Slain by a polar bear (12 damage)
             ... on level 8 of the Dungeon.
             The game lasted 00:23:16 (5391 turns).

Kazon the Blocker (Gargoyle Fighter)                Turns: 5391, Time: 00:23:17

Health: -4/59      AC: 17    Str: 22    XL:     10   Next: 75%
Magic:  0/23       EV:  9    Int:  9    God:    Makhleb [****..]
Gold:   378        SH: 16    Dex: 17    Spells: 9/9 levels left

rFire   . . .        v - +0 hand axe (vamp)
rCold   . . .        c - +0 tower shield
rNeg    + . .        b - +0 scale mail
rPois   ∞            u - +0 helmet
rElec   +            (no cloak)
rCorr   .            M - +0 pair of gloves
SInv    .            (no boots)
Will    .....        I - amulet of guardian spirit
Stlth   +            o - ring of magical power
HPRegen 0.29/turn    w - +6 ring of dexterity
MPRegen 0.18/turn

%: guardian spirit
@: no status effects
A: sickness immunity, AC +7, negative energy resistance 1, electricity
resistance, torment resistance 1, petrification resistance
a: Renounce Religion, Minor Destruction, Lesser Servant of Makhleb, Major
Destruction


You were on level 8 of the Dungeon.
You worshipped Makhleb.
Makhleb was greatly pleased with you.
You visited 2 branches of the dungeon, and saw 9 of its levels.
You also visited: Ossuary.

You collected 378 gold pieces.

Inventory:

Hand Weapons
 a - a +0 war axe
 e - a +2 vampiric dagger
 f - a +0 hand axe of flaming
 r - a +2 war axe of draining
 v - a +0 vampiric hand axe (weapon)
Missiles
 k - 9 boomerangs
 q - 6 poisoned darts
 J - 9 stones (quivered)
Armour
 b - a +0 scale mail (worn)
 c - a +0 tower shield (worn)
 u - a +0 helmet (worn)
 M - a +0 pair of gloves (worn)
Jewellery
 o - a ring of magical power (left hand)
 w - a +6 ring of dexterity (right hand)
 I - an amulet of guardian spirit (around neck)
Wands
 z - a wand of paralysis (8)
Scrolls
 g - a scroll of fog {unknown}
 m - 5 scrolls of identify {unknown}
 n - 2 scrolls of magic mapping {unknown}
 p - a scroll of blinking {unknown}
 s - 2 scrolls of summoning {unknown}
 t - 2 scrolls of teleportation {unknown}
 x - a scroll of amnesia {unknown}
 y - 2 scrolls of fear {unknown}
 A - a scroll of torment {unknown}
 F - a scroll of enchant weapon {unknown}
 G - a scroll of poison {unknown}
 L - a scroll of enchant armour {unknown}
Potions
 d - a potion of might
 h - a potion of resistance {unknown}
 i - 2 potions of invisibility {unknown}
 j - 5 potions of curing {unknown}
 l - 5 potions of flight {unknown}
 B - 4 potions of attraction {unknown}
 C - a potion of haste {unknown}
 D - 2 potions of brilliance {unknown}
 E - a potion of berserk rage
 H - a potion of lignification {unknown}
 K - 4 potions of heal wounds {unknown}


   Skills:
 + Level 5.4 Fighting
 + Level 6.7 Axes
 + Level 4.5 Throwing
 + Level 5.8 Armour
 + Level 2.4 Dodging
 * Level 1.7 Stealth
 + Level 8.8 Shields
 * Level 6.6 Invocations
 * Level 4.5 Evocations


You had 9 spell levels left.
You didn't know any spells.
Your spell library contained the following spells:

 Spells                   Type           Power      Damage    Failure   Level
 Frozen Ramparts          Ice            0%         1d1       100%        3
 Ignite Poison            Fire/Tmut/Pois 0%         N/A       100%        3
 Ice Form                 Ice/Tmut       0%         N/A       100%        4
 Sticky Flame             Conj/Fire      0%         2d3       100%        4
 Summon Ice Beast         Ice/Summ       0%         N/A       100%        4
 Summon Forest            Summ/Tloc      0%         N/A       100%        5
 Eringya's Noxious Bog    Tmut/Pois      0%         N/A       100%        6
 Summon Hydra             Summ           0%         N/A       100%        7
 Ignition                 Fire           0%         3d3       100%        8


Dungeon Overview and Level Annotations

Branches:
Dungeon (8/15)             Temple (1/1) D:4         Ossuary (visited)
   Lair: D:8-11

Altars:
Dithmenos
Fedhas
Gozag
Hepliaklqana
Makhleb
Qazlal
Wu Jian
Xom
The Shining One


Innate Abilities, Weirdness & Mutations

You are immune to sickness and miasma.
Your stone body is resilient. (AC +7)
You are immune to poison.
You resist negative energy. (rN+)
You are resistant to electric shocks. (rElec)
You are resistant to unholy torment.
You are immune to petrification.


Message History

The polar bear is severely wounded.
The polar bear barely misses you.
The polar bear claws you but does no damage.
You block the polar bear's attack.
You hit the polar bear.
You feel better.
The polar bear is severely wounded.
You block the polar bear's attack.
The polar bear claws you but does no damage.
You block the polar bear's attack.
You barely miss the polar bear.
The polar bear is severely wounded.
The polar bear barely misses you.
The polar bear claws you but does no damage.
You block the polar bear's attack. x2; The polar bear barely misses you.
You block the polar bear's attack.
You hit the polar bear.
The polar bear is severely wounded.
You block the polar bear's attack. x2
The polar bear claws you but does no damage.
You hit the polar bear.
The polar bear is severely wounded.
The polar bear goes berserk!
You barely miss the polar bear.
The polar bear is severely wounded.
You block the polar bear's attack.
The polar bear claws you but does no damage.
You block the polar bear's attack. The polar bear closely misses you.
You block the polar bear's attack. The polar bear claws you.
You hit the polar bear.
You feel better.
The polar bear is almost dead.
The polar bear bites you!!
* * * LOW HITPOINT WARNING * * *
You block the polar bear's attack.
The polar bear claws you but does no damage.
You barely miss the polar bear.
The polar bear is almost dead.
You block the polar bear's attack.
The polar bear claws you but does no damage.
You block the polar bear's attack. The polar bear bites you!
You die...

.. ..##....####.###
... .. ####..##....#
#.. .# #..#..#####
#..# <#####.###.##
#...###.#.....# ##)#
#..#.. ##..## #.#
#..## #...###.##
##..####.#..###.#####
#...h@#..##....#..#.#
#.####..####..####.##
#[# ###.# #.####.##
... ### #####.##
..#.. #.## ... ...
#.# .... .... ###
..... ..... ......
......


You could see a polar bear (berserk).

Vanquished Creatures
  A two-headed ogre (D:7)
  Sigmund (D:4)
  A wyvern (D:8)
  3 basilisks (D:8)
  A steam dragon (D:8)
  Duvessa (D:6)
  5 water moccasins
  An ice beast (D:8)
  A sky beast (D:7)
  5 black bears
  2 wolves (D:8)
  2 ogres
  2 centaurs
  An elf zombie (Ossuary)
  A kobold brigand (D:7)
  3 scorpions
  15 wights
  Dowan (D:6)
  4 killer bees (D:7)
  A howler monkey (D:5)
  A vampire bat (D:7)
  A centaur zombie (Ossuary)
  6 hounds
  3 orc priests (D:6)
  3 human zombies (Ossuary)
  A jelly (D:5)
  4 orc wizards (D:6)
  5 iguanas
  4 ogre zombies (Ossuary)
  7 mummies (Ossuary)
  4 gnolls (D:5)
  9 adders
  A white imp (D:7)
  2 ufetubi
  A worm zombie (D:7)
  2 adder zombies (Ossuary)
  3 worms
  15 orcs
  12 bats
  9 endoplasms
  A giant cockroach (D:1)
  12 goblins
  7 hobgoblins
  11 jackals
  10 kobolds
  3 quokkas (D:4)
  6 ball pythons
  3 frilled lizards
  4 goblin zombies (Ossuary)
  6 hobgoblin zombies
  3 kobold zombies
  4 quokka zombies (Ossuary)
  4 rats
  4 rat zombies (Ossuary)
223 creatures vanquished.

Notes
Turn   | Place    | Note
-------+----------+-------------------------------------------
     0 | D:1      | Kazon the Gargoyle Fighter began the quest for the Orb.
     0 | D:1      | Reached XP level 1. HP: 14/14 MP: 1/1
    45 | D:1      | Identified a scroll of acquirement
    45 | D:1      | Acquired a +2 war axe of draining
    60 | D:1      | Reached XP level 2. HP: 19/19 MP: 2/2
   281 | D:1      | Reached XP level 3. HP: 23/23 MP: 3/3
   939 | D:2      | Reached XP level 4. HP: 27/28 MP: 4/4
  1124 | D:2      | Reached skill level 4 in Shields
  1576 | D:3      | Found a blossoming altar of Fedhas.
  1593 | D:3      | Reached XP level 5. HP: 33/33 MP: 5/5
  1675 | D:3      | Found a stormy altar of Qazlal.
  1850 | D:3      | Identified the +2 sling "Qeuhanocyt" {speed, rElec Str-3
                  | Dex+2}
  1970 | D:3      | Found a faded altar of an unknown god.
  1999 | D:4      | Found a staircase to the Ecumenical Temple.
  2009 | Temple   | Entered the Ecumenical Temple
  2025 | Temple   | Became a worshipper of Makhleb the Destroyer
  2088 | D:4      | Noticed a black bear
  2102 | D:4      | Killed a black bear
  2103 | D:4      | Reached skill level 1 in Invocations
  2107 | D:4      | Reached XP level 6. HP: 27/38 MP: 6/6
  2115 | D:4      | Found a hazy altar of Hepliaklqana.
  2118 | D:4      | Found a shadowy altar of Dithmenos.
  2118 | D:4      | Noticed a shadow
  2179 | D:4      | You fall into a shaft and drop 3 floors!
  2198 | D:7      | Found a sand-covered staircase.
  2210 | Ossuary  | Entered an ossuary
  2249 | Ossuary  | Reached skill level 1 in Throwing
  2294 | Ossuary  | Reached * piety under Makhleb
  2411 | Ossuary  | Reached XP level 7. HP: 43/43 MP: 8/8
  2526 | Ossuary  | Reached ** piety under Makhleb
  2594 | Ossuary  | Reached skill level 1 in Evocations
  2684 | D:7      | Reached skill level 5 in Shields
  2711 | D:7      | Reached skill level 1 in Dodging
  2716 | D:7      | Reached XP level 8. HP: 31/48 MP: 10/10
  2762 | D:7      | Noticed a two-headed ogre
  2772 | D:7      | Killed a two-headed ogre
  2773 | D:7      | Reached skill level 5 in Axes
  2773 | D:7      | Reached skill level 5 in Armour
  2773 | D:7      | Reached skill level 6 in Shields
  2819 | D:5      | Entered Level 5 of the Dungeon
  2949 | D:4      | Reached XP level 9. HP: 52/52 MP: 12/12
  3263 | D:4      | Noticed Sigmund
  3273 | D:4      | Killed Sigmund
  3535 | D:5      | Reached *** piety under Makhleb
  3791 | D:6      | Reached skill level 5 in Fighting
  3879 | D:6      | Noticed Dowan
  3880 | D:6      | Noticed Duvessa
  3889 | D:6      | Killed Duvessa
  3890 | D:6      | Reached skill level 5 in Invocations
  3898 | D:6      | Killed Dowan
  4078 | D:6      | Found a shimmering altar of Xom.
  4124 | D:6      | Reached skill level 7 in Shields
  4408 | D:7      | Reached XP level 10. HP: 54/59 MP: 14/14
  4476 | D:7      | Reached **** piety under Makhleb
  4982 | D:8      | Reached skill level 8 in Shields
  5305 | D:8      | Reached skill level 1 in Stealth
  5391 | D:8      | Slain by a polar bear

Illustrated notes

Levels and vault maps discovered:
D:1:      ebering_trefoil_3fold, layout_basic, st_stairs_14, serial_bayou_ford_a
D:2:      layout_basic, hangedman_decor_growths, minmay_close_crescents
D:3:      layout_rooms, mainiacjoe_overflow_concentric_impassable,
          mainiacjoe_overflow_paths, shapermc_ecumenical_altar_acropolis,
          chequers_serial_rivers_micro_b
D:4:      layout_basic, riverfiend_overflow_shadow_ancestor,
          minmay_temple_entry_glass, uniq_sigmund
D:5:      layout_gridville
D:6:      layout_basic, xom_teletrap_fun, uniq_duvessa
D:7:      layout_loops_ring, enter_ossuary_3, roderic_batcave
D:8:      layout_layer_cave, minmay_lair_entry_grove, serial_shops,
          nicolae_lakefront_shop, serial_ice, serial_ice_o, serial_ice_d,
          serial_ice_k, serial_ice_a
Temple:   nicolae_temple_elliptical

Skill      XL: |  1  2  3  4  5  6  7  8  9 10 |
---------------+-------------------------------+-----
Axes           | 2 3 4 5 6 |  6.7
Armour         | 4 5 |  5.8
Shields        | 4 5 6 7 8 |  8.8
Invocations    | 1 2 3 4 5 6 |  6.6
Fighting       | 4 5 |  5.4
Throwing       | 1 3 4 |  4.5
Evocations     | 1 2 3 4 |  4.5
Dodging        | 1 2 |  2.4
Stealth        | 1 |  1.7

Action                     |  1- 3 |  4- 6 |  7- 9 | 10-12 || total
---------------------------+-------+-------+-------+-------++-------
  Melee: War axe           |   100 |   170 |   211 |       ||   481
         Hand axe          |       |       |   126 |   415 ||   541
  Throw: Stone             |       |     9 |    20 |    16 ||    45
         Boomerang         |       |       |    22 |       ||    22
         Dart              |       |       |    32 |       ||    32
 Invoke: Minor Destruction |       |       |       |     2 ||     2
         Lesser Servant of |       |       |       |     1 ||     1
    Use: Scroll            |     2 |       |       |       ||     2
         Potion            |     1 |       |       |       ||     1
 Armour: Scale mail        |    51 |    58 |   136 |   208 ||   453
  Dodge: Dodged            |    28 |    37 |    80 |   113 ||   258
  Block: Buckler           |     9 |       |       |       ||     9
         Tower shield      |    45 |    93 |   275 |   428 ||   841
